Calgary Hitman vs Boisbriand Armada

Created - 3 avril 2018 at 18:17

Goals
1 2 3 T
Calgary Hitman 1 3 1 5
Boisbriand Armada 0 1 1 2
Shots
1 2 3 T
Calgary Hitman 11 13 8 32
Boisbriand Armada 14 8 11 33

1st period

1. Calgary Hitman , Spencer Abbott 17 (Alex Biega 30, Mitch Callahan 42) at 13:02 (PP)

Penalties :
Wade Megan (ARM) for Hooking (Minor) at 11:52

2nd period

2. Calgary Hitman , Mitch Callahan 35 (Alex Biega 31) at 6:08 (PP)
3. Boisbriand Armada , Anthony Duclair 47 (Anthony Beauvillier 61) at 7:43
4. Calgary Hitman , Nick Lappin 23 (Wayne Simpson 41) at 8:32
5. Calgary Hitman , Wayne Simpson 29 (Mitch Callahan 43) at 13:49 (PP)

Penalties :
Nolan Patrick (ARM) for Hooking (Minor) at 5:31, Samuel Blais (ARM) for High sticking (Minor) at 13:44

3rd period

6. Boisbriand Armada , Ben Street 32 (Chris Wideman 37) at 9:45
7. Calgary Hitman , Mitch Callahan 36 (Alex Biega 32, Matt Taormina 35) at 10:52

Penalties :
Conor Allen (ARM) for Hooking (Minor) at 1:32, Samuel Blais (ARM) for Interference (Minor) at 6:14, Andrew Miller (HIT) for Slashing (Minor) at 18:38

Goalie Stats

Garret Sparks (HIT), 31 saves from 33 shots - (0,939), W, 42-12-6, 60:00 minutes
Kristers Gudlevskis (ARM), 27 saves from 32 shots - (0,844), L, 13-7-2, 60:00 minutes

Players Stats for Calgary Hitman

Player Name              G  A  P  +/- PIM S  H  SB GA TA FO     MP     PP MP  PK MP  
------------------------------------------------------------------------------------
Alex Biega               0  3  3   1  0   2  2  1  0  0  0/0    21:26   1:59   0:22 
Andrew Miller            0  0  0  -1  2   2  1  1  0  0  8/17   19:40   2:39   0:00 
Brady Austin             0  0  0   0  0   1  1  0  0  0  0/0    12:25   0:00   0:22 
Cody Goloubef            0  0  0  -1  0   2  1  2  1  2  0/0    26:20   3:51   0:59 
Cole Ully                0  0  0   1  0   0  0  0  0  0  0/0     8:37   0:00   0:00 
J.T. Brown               0  0  0  -1  0   0  2  2  2  1  0/1    16:59   0:09   0:45 
Jack Skille              0  0  0  -1  0   4  0  0  0  0  0/0    15:38   0:01   0:00 
John Ramage              0  0  0   0  0   0  0  2  0  1  0/0    14:42   1:59   0:00 
Kasperi Kapanen          0  0  0  -1  0   3  1  0  2  1  0/0    19:49   2:39   0:00 
Liam O'Brien             0  0  0   1  0   0  0  0  2  0  0/0     8:37   0:00   0:00 
Matt Bartkowski          0  0  0  -1  0   1  3  2  0  0  0/0    22:26   0:00   0:59 
Matt Taormina            0  1  1   1  0   0  0  3  2  1  0/0    22:15   3:51   0:00 
Mitch Callahan           2  2  4   1  0   5  1  0  1  1  1/2    15:17   3:07   0:33 
Nick Lappin              1  0  1   1  0   2  3  1  0  1  0/0     9:23   0:04   0:15 
Reid Petryk              0  0  0   1  0   1  1  0  0  1  4/10   12:27   0:00   0:54 
Spencer Abbott           1  0  1  -1  0   2  3  3  0  0  0/2    19:43   3:02   0:00 
Travis Morin             0  0  0  -1  0   2  1  0  0  1  13/23  17:59   2:42   0:00 
Wayne Simpson            1  1  2   1  0   5  2  0  1  0  1/2    14:55   3:07   0:15 

Players Stats for Boisbriand Armada

Player Name              G  A  P  +/- PIM S  H  SB GA TA FO     MP     PP MP  PK MP  
------------------------------------------------------------------------------------
Andrew Crescenzi         0  0  0   0  0   0  0  0  0  0  0/1     2:42   0:00   0:39 
Anthony Beauvillier      0  1  1   1  0   2  1  0  2  1  3/3    19:42   0:44   1:47 
Anthony Duclair          1  0  1   1  0   3  2  2  4  1  1/1    22:01   0:44   3:51 
Ben Street               1  0  1  -1  0   6  3  0  0  1  5/7    13:45   0:00   0:00 
Chris Wideman            0  1  1   2  0   1  2  6  0  2  0/0    27:01   0:48   3:43 
Conor Allen              0  0  0  -1  2   1  3  1  1  0  0/0    19:52   0:33   1:22 
Dominic Turgeon          0  0  0   0  0   1  0  0  1  0  1/2     7:30   0:00   0:00 
Eric Gelinas             0  0  0  -1  0   2  0  0  0  1  0/0    19:59   0:33   2:07 
Freddie Hamilton         0  0  0   0  0   2  1  0  0  2  0/0    13:57   0:37   0:00 
John Gilmour             0  0  0  -1  0   1  1  0  0  0  0/0    13:26   0:00   0:26 
Jordan Caron             0  0  0   0  0   2  1  1  0  0  0/0    14:02   0:37   0:05 
Kane Lafranchise         0  0  0  -1  0   1  3  0  0  0  0/0    13:43   0:00   0:19 
Matt Benning             0  0  0   2  0   2  4  2  1  1  0/0    27:01   0:48   3:43 
Nolan Patrick            0  0  0   1  2   2  1  1  1  1  14/24  18:50   0:37   1:03 
Ryan Bourque             0  0  0   0  0   0  1  0  0  0  0/0     7:30   0:00   0:00 
Samuel Blais             0  0  0  -1  4   1  2  0  0  0  1/1    15:21   0:00   1:02 
Wade Megan               0  0  0   0  2   5  0  0  0  1  4/17   23:58   0:44   3:13 
Zack Mitchell            0  0  0  -1  0   1  1  0  0  0  1/1    13:45   0:00   0:00 

3 Stars

1 - Mitch Callahan (HIT)
2 - Alex Biega (HIT)
3 - Wayne Simpson (HIT)

Power Play

Calgary Hitman - 3 on 5 Attempt(s) - 60,00%
Boisbriand Armada - 0 on 1 Attempt(s) - 0,00%

Penalty Kill

Calgary Hitman - 1 on 1 Attempt(s) - 100,00% - Score 0 goal in Penalty Kill
Boisbriand Armada - 2 on 5 Attempt(s) - 40,00% - Score 0 goal in Penalty Kill

Team Stat

Calgary Hitman - Hits : 22 - Faceoff Wins : 27 - Blocked Shots : 17 - Penalty Minutes : 2
Boisbriand Armada - Hits : 26 - Faceoff Wins : 30 - Blocked Shots : 13 - Penalty Minutes : 10

Official

Referees : Brad Meier and Marc Joannette
Linesman : Unknown

Game Notes

No Game Note

Finance

Level 1 -- Attendance: 1704 (85,20%) -- Ticket Income 59 640 $
Level 2 -- Attendance: 773 (77,30%) -- Ticket Income 11 595 $
Total Attendance: 2477 (82,57%)
Total Ticket Income: 71 235 $
Other Income: 34 905 $
Total Income: 106 140 $

Calgary Hitman

5 vs 5 Forward 
   Center                   Left Wing                Right Wing               Time % Phy DF OF 
 1 Andrew Miller            Spencer Abbott           Kasperi Kapanen          36     0   1  4  
 2 Travis Morin             J.T. Brown               Jack Skille              34     0   1  4  
 3 Reid Petryk              Wayne Simpson            Mitch Callahan           24     0   3  2  
 4 Cole Ully                Liam O'Brien             Nick Lappin              6      2   2  1  

5 vs 5 Defense 
   Defense                  Defense                                           Time % Phy DF OF 
 1 Cody Goloubef            Matt Bartkowski                                   39     0   3  2  
 2 Alex Biega               Matt Taormina                                     37     0   3  2  
 3 Brady Austin             John Ramage                                       20     0   4  1  
 4 Cody Goloubef            Matt Bartkowski                                   4      1   2  2  

PowerPlay Forward 
   Center                   Left Wing                Right Wing               Time % Phy DF OF 
 1 Travis Morin             Kasperi Kapanen          Andrew Miller            60     0   0  5  
 2 Wayne Simpson            Spencer Abbott           Mitch Callahan           40     0   0  5  

PowerPlay Defense
   Defense                  Defense                                           Time % Phy DF OF 
 1 Cody Goloubef            Matt Taormina                                     60     0   1  4  
 2 John Ramage              Alex Biega                                        40     0   1  4  

Penalty Kill 4 Players Forward 
   Center                   Wing                     Time % Phy DF OF 
 1 Reid Petryk              J.T. Brown               60     0   4  1  
 2 Wayne Simpson            Nick Lappin              40     0   4  1  

Penalty Kill 4 Players Defense
   Defense                  Defense                  Time % Phy DF OF 
 1 Matt Bartkowski          Cody Goloubef            60     1   4  0  
 2 Alex Biega               Brady Austin             40     1   4  0  

Penalty Kill - 3 Players Forward 
   Forward                                           Time % Phy DF OF 
 1 J.T. Brown                                        65     0   5  0  
 2 Nick Lappin                                       35     0   5  0  

Penalty Kill - 3 Players Defense
   Defense                  Defense                  Time % Phy DF OF 
 1 Matt Bartkowski          Cody Goloubef            60     1   4  0  
 2 Alex Biega               Brady Austin             40     1   4  0  

4 vs 4 Forward 
   Center                   Wing                     Time % Phy DF OF 
 1 Andrew Miller            Kasperi Kapanen          60     0   1  4  
 2 Travis Morin             J.T. Brown               40     0   1  4  

4 vs 4 Defense
   Defense                  Defense                  Time % Phy DF OF 
 1 Cody Goloubef            Matt Taormina            60     0   2  3  
 2 John Ramage              Matt Bartkowski          40     0   3  2  

Last Minutes Offensive
   Center                   Left Wing                Right Wing               Defense                  Defense                  
   Travis Morin             Kasperi Kapanen          Andrew Miller            Matt Taormina            Cody Goloubef            

Last Minutes Defensive
   Center                   Left Wing                Right Wing               Defense                  Defense                  
   Reid Petryk              J.T. Brown               Nick Lappin              Matt Bartkowski          Cody Goloubef            

Goaltenders
Starting : Garret Sparks            
Backup : Marek Mazanec            

Extra Forwards
Normal : Kasperi Kapanen, J.T. Brown, Nick Lappin - PP : J.T. Brown, Nick Lappin - PK : Mitch Callahan
Extra Defensemen
Normal : Cody Goloubef, Matt Bartkowski, Alex Biega - PP : Matt Bartkowski - PK : Matt Taormina, John Ramage
Penalty Shots
Kasperi Kapanen, Travis Morin, Spencer Abbott, Wayne Simpson, Mitch Callahan

Scratches
Petteri Lindbohm (Healthy), Brenden Kichton (Healthy), Paul Geiger (Healthy), Malte Stromwall (Healthy), Jeff Glass (Healthy)

Boisbriand Armada

5 vs 5 Forward 
   Center                   Left Wing                Right Wing               Time % Phy DF OF 
 1 Nolan Patrick            Anthony Duclair          Anthony Beauvillier      40     1   2  2  
 2 Wade Megan               Jordan Caron             Freddie Hamilton         30     1   2  2  
 3 Ben Street               Samuel Blais             Zack Mitchell            20     1   2  2  
 4 Dominic Turgeon          Ryan Bourque             Wade Megan               10     1   2  2  

5 vs 5 Defense 
   Defense                  Defense                                           Time % Phy DF OF 
 1 Matt Benning             Chris Wideman                                     40     1   2  2  
 2 Eric Gelinas             Conor Allen                                       30     1   2  2  
 3 Kane Lafranchise         John Gilmour                                      20     1   2  2  
 4 Matt Benning             Chris Wideman                                     10     1   2  2  

PowerPlay Forward 
   Center                   Left Wing                Right Wing               Time % Phy DF OF 
 1 Wade Megan               Anthony Duclair          Anthony Beauvillier      60     1   2  2  
 2 Nolan Patrick            Jordan Caron             Freddie Hamilton         40     1   2  2  

PowerPlay Defense
   Defense                  Defense                                           Time % Phy DF OF 
 1 Matt Benning             Chris Wideman                                     60     1   2  2  
 2 Eric Gelinas             Conor Allen                                       40     1   2  2  

Penalty Kill 4 Players Forward 
   Center                   Wing                     Time % Phy DF OF 
 1 Wade Megan               Anthony Duclair          60     1   2  2  
 2 Anthony Beauvillier      Nolan Patrick            40     1   2  2  

Penalty Kill 4 Players Defense
   Defense                  Defense                  Time % Phy DF OF 
 1 Matt Benning             Chris Wideman            60     1   2  2  
 2 Eric Gelinas             Conor Allen              40     1   2  2  

Penalty Kill - 3 Players Forward 
   Forward                                           Time % Phy DF OF 
 1 Wade Megan                                        60     1   2  2  
 2 Anthony Duclair                                   40     1   2  2  

Penalty Kill - 3 Players Defense
   Defense                  Defense                  Time % Phy DF OF 
 1 Matt Benning             Chris Wideman            60     1   2  2  
 2 Eric Gelinas             Conor Allen              40     1   2  2  

4 vs 4 Forward 
   Center                   Wing                     Time % Phy DF OF 
 1 Wade Megan               Anthony Duclair          60     1   2  2  
 2 Anthony Beauvillier      Nolan Patrick            40     1   2  2  

4 vs 4 Defense
   Defense                  Defense                  Time % Phy DF OF 
 1 Matt Benning             Chris Wideman            60     1   2  2  
 2 Eric Gelinas             Conor Allen              40     1   2  2  

Last Minutes Offensive
   Center                   Left Wing                Right Wing               Defense                  Defense                  
   Wade Megan               Anthony Duclair          Anthony Beauvillier      Matt Benning             Chris Wideman            

Last Minutes Defensive
   Center                   Left Wing                Right Wing               Defense                  Defense                  
   Wade Megan               Anthony Duclair          Anthony Beauvillier      Matt Benning             Chris Wideman            

Goaltenders
Starting : Kristers Gudlevskis      
Backup : Unknown Goalie           

Extra Forwards
Normal : Andrew Crescenzi, Ben Street, Samuel Blais - PP : Andrew Crescenzi, Ben Street - PK : Samuel Blais
Extra Defensemen
Normal : Kane Lafranchise, John Gilmour, Eric Gelinas - PP : Kane Lafranchise - PK : John Gilmour, Eric Gelinas
Penalty Shots
Wade Megan, Anthony Duclair, Anthony Beauvillier, Nolan Patrick, Ben Street

Scratches
Julien Brouillette (Healthy), Austen Brassard (Healthy), Anthony Richard (Healthy), Jimmy Oligny (Healthy), Gabriel Gagne (Healthy)
Shawn Ouellette-St. Amant (Healthy), Jonas Gustavsson (Healthy), Kent Simpson (Healthy)

% Time on Ice - Calgary Hitman

Lines # - Real PCT - Wanted PCT - Time Play
Normal Forward
1 - 33% - 36% - 17:26
2 - 29% - 34% - 15:13
3 - 22% - 24% - 11:33
4 - 16% - 6% - 8:37
Normal Defense
1 - 36% - 39% - 18:56
2 - 36% - 37% - 19:05
3 - 23% - 20% - 11:58
4 - 5% - 4% - 2:50
PP Forward
1 - 47% - 60% - 2:43
2 - 53% - 40% - 3:07
PP Defense
1 - 66% - 60% - 3:51
2 - 34% - 40% - 1:59
PK Forward
1 - 81% - 60% - 1:06
2 - 19% - 40% - 0:15
PK Defense
1 - 73% - 60% - 0:59
2 - 27% - 40% - 0:22
PK3 Forward
1 - 0% - 65%
2 - 0% - 35%
PK3 Defense
1 - 0% - 60%
2 - 0% - 40%
44 Forward
1 - 0% - 60%
2 - 0% - 40%
44 Defense
1 - 0% - 60%
2 - 0% - 40%
Last Minute Offensive  - 0:00
Last Minute Defensive  - 0:00
Total
Forward - 60:00
Defense - 60:00

% Time on Ice - Boisbriand Armada

Lines # - Real PCT - Wanted PCT - Time Play
Normal Forward
1 - 35% - 40% - 18:14
2 - 25% - 30% - 13:20
3 - 26% - 20% - 13:45
4 - 14% - 10% - 7:30
Normal Defense
1 - 38% - 40% - 19:55
2 - 33% - 30% - 17:19
3 - 25% - 20% - 13:00
4 - 5% - 10% - 2:35
PP Forward
1 - 54% - 60% - 0:44
2 - 46% - 40% - 0:37
PP Defense
1 - 59% - 60% - 0:48
2 - 41% - 40% - 0:33
PK Forward
1 - 82% - 60% - 4:47
2 - 18% - 40% - 1:03
PK Defense
1 - 64% - 60% - 3:43
2 - 36% - 40% - 2:07
PK3 Forward
1 - 0% - 60%
2 - 0% - 40%
PK3 Defense
1 - 0% - 60%
2 - 0% - 40%
44 Forward
1 - 0% - 60%
2 - 0% - 40%
44 Defense
1 - 0% - 60%
2 - 0% - 40%
Last Minute Offensive  - 0:00
Last Minute Defensive  - 0:00
Total
Forward - 60:00
Defense - 60:00

Play by Play

1st period


0:01 of 1st period - Anthony Duclair wins face-off versus Andrew Miller in neutral zone.
0:06 of 1st period - Cody Goloubef is hit by Nolan Patrick and loses puck.
0:27 of 1st period - Jordan Caron is hit by J.T. Brown and loses puck.
0:54 of 1st period - Reid Petryk is hit by Conor Allen and loses puck.
1:05 of 1st period - Slapshot by Anthony Duclair.
1:05 of 1st period - Stopped by Garret Sparks with a rebound.
1:15 of 1st period - Snap shot by Nolan Patrick.
1:15 of 1st period - Stopped by Garret Sparks with a rebound.
1:35 of 1st period - Kane Lafranchise is hit by Matt Bartkowski and loses puck.
2:25 of 1st period - Wrist shot by Reid Petryk.
2:25 of 1st period - Stopped by Kristers Gudlevskis without a rebound.
2:26 of 1st period - Travis Morin wins face-off versus Wade Megan in Boisbriand Armada zone.
2:33 of 1st period - Snap shot by Jack Skille.
2:33 of 1st period - Stopped by Kristers Gudlevskis with a rebound.
3:21 of 1st period - Ben Street is hit by Wayne Simpson and loses puck.
3:34 of 1st period - Wrist shot by Ben Street.
3:34 of 1st period - Shot Misses the Net.
3:53 of 1st period - Slapshot by Anthony Duclair.
3:53 of 1st period - Shot Misses the Net.
3:55 of 1st period - Backhand shot by Eric Gelinas.
3:55 of 1st period - Shot Blocked by Matt Taormina.
4:02 of 1st period - Icing by Jack Skille.
4:03 of 1st period - Dominic Turgeon wins face-off versus J.T. Brown in Calgary Hitman zone.
4:08 of 1st period - Wrist shot by Freddie Hamilton.
4:08 of 1st period - Shot Blocked by Matt Taormina.
4:10 of 1st period - Snap shot by Jordan Caron.
4:10 of 1st period - Shot Blocked by J.T. Brown.
4:12 of 1st period - Wrist shot by Freddie Hamilton.
4:12 of 1st period - Shot Misses the Net.
4:14 of 1st period - Wrist shot by Jordan Caron.
4:14 of 1st period - Stopped by Garret Sparks without a rebound.
4:15 of 1st period - Andrew Miller wins face-off versus Nolan Patrick in Calgary Hitman zone.
4:15 of 1st period - Andrew Miller is hit by Anthony Beauvillier.
4:51 of 1st period - Wrist shot by Wade Megan.
4:51 of 1st period - Shot Misses the Net.
5:41 of 1st period - Backhand shot by Wade Megan.
5:41 of 1st period - Shot Misses the Net.
6:00 of 1st period - Matt Bartkowski is hit by Freddie Hamilton and loses puck.
6:17 of 1st period - Zack Mitchell is hit by Spencer Abbott and loses puck.
7:56 of 1st period - Dominic Turgeon is hit by Kasperi Kapanen and loses puck.
8:38 of 1st period - Slapshot by Eric Gelinas.
8:38 of 1st period - Stopped by Garret Sparks with a rebound.
10:06 of 1st period - Jordan Caron is hit by Reid Petryk and loses puck.
10:38 of 1st period - Ryan Bourque is hit by Nick Lappin and loses puck.
10:59 of 1st period - Icing by Cole Ully.
11:00 of 1st period - Travis Morin wins face-off versus Ben Street in Calgary Hitman zone.
11:35 of 1st period - Slapshot by Kasperi Kapanen.
11:35 of 1st period - Stopped by Kristers Gudlevskis without a rebound.
11:36 of 1st period - Reid Petryk wins face-off versus Wade Megan in Boisbriand Armada zone.
11:41 of 1st period - Slapshot by Wayne Simpson.
11:41 of 1st period - Shot Misses the Net.
11:52 of 1st period - Minor Penalty to Wade Megan for Hooking.
11:53 of 1st period - Samuel Blais wins face-off versus Travis Morin in Boisbriand Armada zone.
11:59 of 1st period - Slapshot by Kasperi Kapanen.
11:59 of 1st period - Shot Misses the Net.
12:03 of 1st period - Wrist shot by Kasperi Kapanen.
12:03 of 1st period - Deflect By Andrew Miller.
12:03 of 1st period - Stopped by Kristers Gudlevskis with a rebound.
12:05 of 1st period - Wrist shot by Kasperi Kapanen.
12:05 of 1st period - Shot Misses the Net.
12:21 of 1st period - Icing by Mitch Callahan.
12:22 of 1st period - Wayne Simpson wins face-off versus Andrew Crescenzi in Calgary Hitman zone.
12:49 of 1st period - Mitch Callahan is hit by Samuel Blais and loses puck.
13:02 of 1st period - Snap shot by Spencer Abbott.
13:02 of 1st period - Goal by Spencer Abbott - Calgary Hitman : 1 - Boisbriand Armada : 0.
13:03 of 1st period - Travis Morin wins face-off versus Nolan Patrick in neutral zone.
13:10 of 1st period - Wrist shot by Travis Morin.
13:10 of 1st period - Shot Blocked by Anthony Duclair.
13:12 of 1st period - Snap shot by J.T. Brown.
13:12 of 1st period - Shot Blocked by Matt Benning.
13:14 of 1st period - Snap shot by Travis Morin.
13:14 of 1st period - Stopped by Kristers Gudlevskis with a rebound.
13:16 of 1st period - Snap shot by J.T. Brown.
13:16 of 1st period - Shot Misses the Net.
13:50 of 1st period - Snap shot by Ben Street.
13:50 of 1st period - Shot Blocked by Matt Bartkowski.
13:52 of 1st period - Snap shot by Ben Street.
13:52 of 1st period - Shot Blocked by Cody Goloubef.
13:54 of 1st period - Snap shot by Ben Street.
13:54 of 1st period - Shot Blocked by Cody Goloubef.
13:56 of 1st period - Snap shot by Conor Allen.
13:56 of 1st period - Stopped by Garret Sparks with a rebound.
13:58 of 1st period - Slapshot by Eric Gelinas.
13:58 of 1st period - Deflect By Ben Street.
13:58 of 1st period - Shot Misses the Net.
13:58 of 1st period - Puck is out of play.
13:59 of 1st period - Andrew Miller wins face-off versus Nolan Patrick in Calgary Hitman zone.
14:04 of 1st period - Snap shot by Nolan Patrick.
14:04 of 1st period - Shot Misses the Net.
14:06 of 1st period - Wrist shot by Anthony Beauvillier.
14:06 of 1st period - Deflect By Anthony Duclair.
14:06 of 1st period - Shot Misses the Net.
14:06 of 1st period - Puck is out of play.
14:07 of 1st period - Nolan Patrick wins face-off versus Spencer Abbott in Calgary Hitman zone.
14:10 of 1st period - Wrist shot by Nolan Patrick.
14:10 of 1st period - Shot Misses the Net.
14:12 of 1st period - Slapshot by Eric Gelinas.
14:12 of 1st period - Shot Misses the Net.
14:14 of 1st period - Slapshot by Anthony Beauvillier.
14:14 of 1st period - Stopped by Garret Sparks without a rebound.
14:15 of 1st period - Nolan Patrick wins face-off versus Andrew Miller in Calgary Hitman zone.
14:27 of 1st period - Alex Biega is hit by Matt Benning and loses puck.
14:40 of 1st period - Alex Biega is hit by Jordan Caron and loses puck.
14:47 of 1st period - Snap shot by Freddie Hamilton.
14:47 of 1st period - Shot Blocked by Matt Taormina.
14:49 of 1st period - Slapshot by Wade Megan.
14:49 of 1st period - Shot Misses the Net.
14:51 of 1st period - Wrist shot by Freddie Hamilton.
14:51 of 1st period - Shot Misses the Net.
15:07 of 1st period - Snap shot by Mitch Callahan.
15:07 of 1st period - Stopped by Kristers Gudlevskis without a rebound.
15:08 of 1st period - Reid Petryk wins face-off versus Nolan Patrick in Boisbriand Armada zone.
15:11 of 1st period - Slapshot by Mitch Callahan.
15:11 of 1st period - Stopped by Kristers Gudlevskis with a rebound.
15:19 of 1st period - Wrist shot by Wayne Simpson.
15:19 of 1st period - Stopped by Kristers Gudlevskis with a rebound.
15:37 of 1st period - Mitch Callahan is hit by Ben Street and loses puck.
16:05 of 1st period - Snap shot by Wade Megan.
16:05 of 1st period - Stopped by Garret Sparks with a rebound.
16:28 of 1st period - Snap shot by Jack Skille.
16:28 of 1st period - Shot Misses the Net.
17:09 of 1st period - Slapshot by Matt Benning.
17:09 of 1st period - Shot Blocked by John Ramage.
17:11 of 1st period - Slapshot by Chris Wideman.
17:11 of 1st period - Shot Misses the Net.
17:13 of 1st period - Snap shot by Dominic Turgeon.
17:13 of 1st period - Shot Misses the Net.
17:15 of 1st period - Slapshot by Matt Benning.
17:15 of 1st period - Stopped by Garret Sparks with a rebound.
17:17 of 1st period - Slapshot by Chris Wideman.
17:17 of 1st period - Shot Misses the Net.
17:25 of 1st period - Snap shot by Wade Megan.
17:25 of 1st period - Shot Misses the Net.
17:27 of 1st period - Snap shot by Wade Megan.
17:27 of 1st period - Shot Misses the Net.
17:29 of 1st period - Wrist shot by Dominic Turgeon.
17:29 of 1st period - Shot Misses the Net.
17:31 of 1st period - Wrist shot by Dominic Turgeon.
17:31 of 1st period - Stopped by Garret Sparks with a rebound.
17:46 of 1st period - Brady Austin is hit by Kane Lafranchise and loses puck.
18:24 of 1st period - Snap shot by Wade Megan.
18:24 of 1st period - Stopped by Garret Sparks with a rebound.
18:26 of 1st period - Snap shot by Wade Megan.
18:26 of 1st period - Stopped by Garret Sparks without a rebound.
18:27 of 1st period - Nolan Patrick wins face-off versus Andrew Miller in Calgary Hitman zone.
18:39 of 1st period - Snap shot by Anthony Duclair.
18:39 of 1st period - Shot Misses the Net.
18:41 of 1st period - Slapshot by John Gilmour.
18:41 of 1st period - Stopped by Garret Sparks with a rebound.
18:43 of 1st period - Snap shot by Anthony Duclair.
18:43 of 1st period - Stopped by Garret Sparks with a rebound.
18:53 of 1st period - Andrew Miller is hit by Ben Street.
18:57 of 1st period - Snap shot by Ben Street.
18:57 of 1st period - Shot Blocked by Spencer Abbott.
18:59 of 1st period - Slapshot by Matt Benning.
18:59 of 1st period - Shot Hit the Post.
19:01 of 1st period - Wrist shot by Zack Mitchell.
19:01 of 1st period - Shot Blocked by Spencer Abbott.
19:03 of 1st period - Snap shot by Zack Mitchell.
19:03 of 1st period - Deflect By Ben Street.
19:03 of 1st period - Shot Misses the Net.
19:03 of 1st period - Puck is out of play.
19:04 of 1st period - Nolan Patrick wins face-off versus Reid Petryk in Calgary Hitman zone.
19:07 of 1st period - Snap shot by Anthony Beauvillier.
19:07 of 1st period - Shot Misses the Net.
19:35 of 1st period - Wrist shot by Ben Street.
19:35 of 1st period - Stopped by Garret Sparks with a rebound.
19:47 of 1st period - Snap shot by Wayne Simpson.
19:47 of 1st period - Shot Misses the Net.
19:53 of 1st period - Slapshot by Wayne Simpson.
19:53 of 1st period - Stopped by Kristers Gudlevskis with a rebound.
19:55 of 1st period - Wrist shot by Cody Goloubef.
19:55 of 1st period - Stopped by Kristers Gudlevskis without a rebound.
19:56 of 1st period - Nolan Patrick wins face-off versus Andrew Miller in Boisbriand Armada zone.
19:56 of 1st period - Nolan Patrick is hit by Andrew Miller.
Goals for this period are 1 for Calgary Hitman vs 0 for Boisbriand Armada.
Shots for this period are 11 for Calgary Hitman vs 14 for Boisbriand Armada.

2nd period


0:01 of 2nd period - Nolan Patrick wins face-off versus Andrew Miller in neutral zone.
0:25 of 2nd period - Travis Morin is hit by Chris Wideman and loses puck.
0:48 of 2nd period - Wrist shot by Mitch Callahan.
0:48 of 2nd period - Shot Misses the Net.
0:52 of 2nd period - Wrist shot by Mitch Callahan.
0:52 of 2nd period - Stopped by Kristers Gudlevskis with a rebound.
1:08 of 2nd period - Slapshot by Liam O'Brien.
1:08 of 2nd period - Shot Blocked by Nolan Patrick.
1:10 of 2nd period - Snap shot by Nick Lappin.
1:10 of 2nd period - Shot Misses the Net.
1:12 of 2nd period - Snap shot by Liam O'Brien.
1:12 of 2nd period - Shot Misses the Net.
1:14 of 2nd period - Wrist shot by Brady Austin.
1:14 of 2nd period - Deflect By Anthony Beauvillier.
1:14 of 2nd period - Stopped by Kristers Gudlevskis with a rebound.
2:03 of 2nd period - Wayne Simpson is hit by Matt Benning and loses puck.
2:08 of 2nd period - Snap shot by Wade Megan.
2:08 of 2nd period - Stopped by Garret Sparks without a rebound.
2:09 of 2nd period - Nolan Patrick wins face-off versus Andrew Miller in Calgary Hitman zone.
2:37 of 2nd period - Wrist shot by Jordan Caron.
2:37 of 2nd period - Stopped by Garret Sparks with a rebound.
2:39 of 2nd period - Wrist shot by Wade Megan.
2:39 of 2nd period - Shot Misses the Net.
2:41 of 2nd period - Slapshot by Wade Megan.
2:41 of 2nd period - Deflect By Freddie Hamilton.
2:41 of 2nd period - Stopped by Garret Sparks with a rebound.
2:43 of 2nd period - Slapshot by Wade Megan.
2:43 of 2nd period - Shot Misses the Net.
2:53 of 2nd period - Slapshot by Wayne Simpson.
2:53 of 2nd period - Shot Misses the Net.
3:03 of 2nd period - Snap shot by Mitch Callahan.
3:03 of 2nd period - Shot Blocked by Chris Wideman.
3:59 of 2nd period - Snap shot by Ben Street.
3:59 of 2nd period - Shot Misses the Net.
4:01 of 2nd period - Snap shot by Zack Mitchell.
4:01 of 2nd period - Stopped by Garret Sparks with a rebound.
4:52 of 2nd period - Mitch Callahan is hit by Chris Wideman and loses puck.
5:31 of 2nd period - Minor Penalty to Nolan Patrick for Hooking.
5:32 of 2nd period - Wade Megan wins face-off versus Travis Morin in Boisbriand Armada zone.
6:08 of 2nd period - Snap shot by Mitch Callahan.
6:08 of 2nd period - Goal by Mitch Callahan - Calgary Hitman : 2 - Boisbriand Armada : 0.
6:09 of 2nd period - Nolan Patrick wins face-off versus Andrew Miller in neutral zone.
6:58 of 2nd period - Snap shot by Ben Street.
6:58 of 2nd period - Stopped by Garret Sparks without a rebound.
6:59 of 2nd period - Reid Petryk wins face-off versus Ben Street in Calgary Hitman zone.
7:05 of 2nd period - Icing by Matt Taormina.
7:06 of 2nd period - Nolan Patrick wins face-off versus Reid Petryk in Calgary Hitman zone.
7:39 of 2nd period - Slapshot by Jordan Caron.
7:39 of 2nd period - Deflect By Freddie Hamilton.
7:39 of 2nd period - Shot Blocked by Alex Biega.
7:39 of 2nd period - Puck is out of play.
7:40 of 2nd period - Anthony Beauvillier wins face-off versus Spencer Abbott in Calgary Hitman zone.
7:43 of 2nd period - Snap shot by Anthony Duclair.
7:43 of 2nd period - Goal by Anthony Duclair - Calgary Hitman : 2 - Boisbriand Armada : 1.
7:44 of 2nd period - Andrew Miller wins face-off versus Nolan Patrick in neutral zone.
8:09 of 2nd period - Wade Megan is hit by Travis Morin and loses puck.
8:32 of 2nd period - Snap shot by Nick Lappin.
8:32 of 2nd period - Deflect By Zack Mitchell.
8:32 of 2nd period - Goal by Nick Lappin - Calgary Hitman : 3 - Boisbriand Armada : 1.
8:33 of 2nd period - Andrew Miller wins face-off versus Nolan Patrick in neutral zone.
8:36 of 2nd period - Slapshot by Cody Goloubef.
8:36 of 2nd period - Deflect By Kasperi Kapanen.
8:36 of 2nd period - Shot Misses the Net.
8:36 of 2nd period - Puck is out of play.
8:37 of 2nd period - Andrew Miller wins face-off versus Nolan Patrick in Boisbriand Armada zone.
8:50 of 2nd period - Kasperi Kapanen is hit by Anthony Duclair and loses puck.
9:08 of 2nd period - Slapshot by J.T. Brown.
9:08 of 2nd period - Shot Blocked by Chris Wideman.
9:14 of 2nd period - Snap shot by Travis Morin.
9:14 of 2nd period - Stopped by Kristers Gudlevskis with a rebound.
9:16 of 2nd period - Slapshot by Matt Bartkowski.
9:16 of 2nd period - Deflect By Jack Skille.
9:16 of 2nd period - Shot Blocked by Chris Wideman.
9:16 of 2nd period - Puck is out of play.
9:17 of 2nd period - Nolan Patrick wins face-off versus Reid Petryk in Boisbriand Armada zone.
9:45 of 2nd period - Jordan Caron is hit by Alex Biega and loses puck.
10:07 of 2nd period - Off-side.
10:08 of 2nd period - Andrew Miller wins face-off versus Nolan Patrick in neutral zone.
10:15 of 2nd period - Slapshot by Matt Bartkowski.
10:15 of 2nd period - Stopped by Kristers Gudlevskis without a rebound.
10:16 of 2nd period - Nolan Patrick wins face-off versus Andrew Miller in Boisbriand Armada zone.
11:41 of 2nd period - Backhand shot by Andrew Miller.
11:41 of 2nd period - Stopped by Kristers Gudlevskis with a rebound.
12:50 of 2nd period - Wrist shot by Anthony Beauvillier.
12:50 of 2nd period - Stopped by Garret Sparks with a rebound.
12:52 of 2nd period - Wrist shot by Anthony Duclair.
12:52 of 2nd period - Deflect By Nolan Patrick.
12:52 of 2nd period - Shot Blocked by Spencer Abbott.
12:52 of 2nd period - Puck is out of play.
12:53 of 2nd period - Travis Morin wins face-off versus Wade Megan in Calgary Hitman zone.
12:58 of 2nd period - Slapshot by Alex Biega.
12:58 of 2nd period - Stopped by Kristers Gudlevskis with a rebound.
13:04 of 2nd period - Snap shot by Jack Skille.
13:04 of 2nd period - Stopped by Kristers Gudlevskis with a rebound.
13:06 of 2nd period - Backhand shot by Alex Biega.
13:06 of 2nd period - Shot Blocked by Conor Allen.
13:08 of 2nd period - Slapshot by Alex Biega.
13:08 of 2nd period - Shot Misses the Net.
13:35 of 2nd period - Wrist shot by Wade Megan.
13:35 of 2nd period - Stopped by Garret Sparks without a rebound.
13:36 of 2nd period - Zack Mitchell wins face-off versus Travis Morin in Calgary Hitman zone.
13:44 of 2nd period - Minor Penalty to Samuel Blais for High sticking.
13:45 of 2nd period - Mitch Callahan wins face-off versus Wade Megan in Boisbriand Armada zone.
13:49 of 2nd period - Snap shot by Wayne Simpson.
13:49 of 2nd period - Goal by Wayne Simpson - Calgary Hitman : 4 - Boisbriand Armada : 1.
13:50 of 2nd period - Wade Megan wins face-off versus Travis Morin in neutral zone.
14:01 of 2nd period - Slapshot by Alex Biega.
14:01 of 2nd period - Stopped by Kristers Gudlevskis without a rebound.
14:02 of 2nd period - Travis Morin wins face-off versus Wade Megan in Boisbriand Armada zone.
14:32 of 2nd period - Mitch Callahan is hit by Ben Street and loses puck.
15:01 of 2nd period - Nick Lappin is hit by Conor Allen and loses puck.
15:34 of 2nd period - Slapshot by Kasperi Kapanen.
15:34 of 2nd period - Shot Misses the Net.
16:20 of 2nd period - Kane Lafranchise is hit by Matt Bartkowski and loses puck.
16:27 of 2nd period - Wrist shot by Nick Lappin.
16:27 of 2nd period - Stopped by Kristers Gudlevskis without a rebound.
16:28 of 2nd period - Ben Street wins face-off versus Travis Morin in Boisbriand Armada zone.
16:41 of 2nd period - Wrist shot by Jack Skille.
16:41 of 2nd period - Stopped by Kristers Gudlevskis with a rebound.
16:43 of 2nd period - Snap shot by J.T. Brown.
16:43 of 2nd period - Shot Misses the Net.
16:53 of 2nd period - Spencer Abbott is hit by Anthony Duclair.
17:01 of 2nd period - Kasperi Kapanen is hit by Matt Benning and loses puck.
17:16 of 2nd period - Slapshot by Mitch Callahan.
17:16 of 2nd period - Shot Blocked by Chris Wideman.
17:35 of 2nd period - Zack Mitchell is hit by Nick Lappin and loses puck.
18:24 of 2nd period - Reid Petryk is hit by Ryan Bourque.
18:52 of 2nd period - Mitch Callahan is hit by John Gilmour.
Goals for this period are 3 for Calgary Hitman vs 1 for Boisbriand Armada.
Shots for this period are 13 for Calgary Hitman vs 8 for Boisbriand Armada.

3rd period


0:01 of 3rd period - Travis Morin wins face-off versus Wade Megan in neutral zone.
0:08 of 3rd period - Snap shot by Jack Skille.
0:08 of 3rd period - Deflect By Chris Wideman.
0:08 of 3rd period - Shot Blocked by Jordan Caron.
0:08 of 3rd period - Puck is out of play.
0:09 of 3rd period - Travis Morin wins face-off versus Wade Megan in Boisbriand Armada zone.
0:10 of 3rd period - Snap shot by Jack Skille.
0:10 of 3rd period - Shot Blocked by Chris Wideman.
0:22 of 3rd period - Wrist shot by Jack Skille.
0:22 of 3rd period - Shot Misses the Net.
0:29 of 3rd period - Slapshot by Chris Wideman.
0:29 of 3rd period - Stopped by Garret Sparks with a rebound.
0:31 of 3rd period - Snap shot by Matt Benning.
0:31 of 3rd period - Stopped by Garret Sparks without a rebound.
0:32 of 3rd period - Nolan Patrick wins face-off versus Andrew Miller in Calgary Hitman zone.
0:41 of 3rd period - Alex Biega is hit by Conor Allen and loses puck.
1:17 of 3rd period - Ben Street is hit by Matt Bartkowski and loses puck.
1:32 of 3rd period - Minor Penalty to Conor Allen for Hooking.
1:33 of 3rd period - Travis Morin wins face-off versus Wade Megan in Boisbriand Armada zone.
1:34 of 3rd period - Slapshot by Kasperi Kapanen.
1:34 of 3rd period - Shot Misses the Net.
1:36 of 3rd period - Wrist shot by Andrew Miller.
1:36 of 3rd period - Shot Misses the Net.
1:42 of 3rd period - Wrist shot by Kasperi Kapanen.
1:42 of 3rd period - Stopped by Kristers Gudlevskis without a rebound.
1:43 of 3rd period - Travis Morin wins face-off versus Wade Megan in Boisbriand Armada zone.
2:44 of 3rd period - Wrist shot by Kasperi Kapanen.
2:44 of 3rd period - Stopped by Kristers Gudlevskis with a rebound.
2:46 of 3rd period - Slapshot by Matt Taormina.
2:46 of 3rd period - Deflect By Kasperi Kapanen.
2:46 of 3rd period - Shot Misses the Net.
2:46 of 3rd period - Puck is out of play.
2:47 of 3rd period - Anthony Beauvillier wins face-off versus Wayne Simpson in Boisbriand Armada zone.
2:58 of 3rd period - Wrist shot by Spencer Abbott.
2:58 of 3rd period - Shot Misses the Net.
3:32 of 3rd period - Penalty to Conor Allen is over, Conor Allen is back on ice.
3:34 of 3rd period - Wade Megan is hit by Cody Goloubef.
3:42 of 3rd period - Snap shot by Eric Gelinas.
3:42 of 3rd period - Shot Blocked by J.T. Brown.
3:46 of 3rd period - Snap shot by Wade Megan.
3:46 of 3rd period - Shot Misses the Net.
3:48 of 3rd period - Snap shot by Wade Megan.
3:48 of 3rd period - Shot Misses the Net.
4:14 of 3rd period - Wrist shot by Wade Megan.
4:14 of 3rd period - Shot Misses the Net.
4:34 of 3rd period - Wrist shot by Eric Gelinas.
4:34 of 3rd period - Deflect By Wade Megan.
4:34 of 3rd period - Shot Misses the Net.
4:34 of 3rd period - Puck is out of play.
4:35 of 3rd period - Andrew Miller wins face-off versus Nolan Patrick in Calgary Hitman zone.
5:12 of 3rd period - Snap shot by Ben Street.
5:12 of 3rd period - Shot Misses the Net.
6:14 of 3rd period - Minor Penalty to Samuel Blais for Interference.
6:15 of 3rd period - Travis Morin wins face-off versus Wade Megan in Boisbriand Armada zone.
6:15 of 3rd period - Slapshot by Kasperi Kapanen.
6:15 of 3rd period - Deflect By Chris Wideman.
6:15 of 3rd period - Shot Blocked by Matt Benning.
6:15 of 3rd period - Puck is out of play.
6:16 of 3rd period - Wade Megan wins face-off versus Travis Morin in Boisbriand Armada zone.
6:22 of 3rd period - Icing by Travis Morin.
6:23 of 3rd period - Travis Morin wins face-off versus Wade Megan in Calgary Hitman zone.
6:28 of 3rd period - Snap shot by Matt Taormina.
6:28 of 3rd period - Shot Misses the Net.
6:50 of 3rd period - Wrist shot by Wayne Simpson.
6:50 of 3rd period - Stopped by Kristers Gudlevskis without a rebound.
6:51 of 3rd period - Anthony Beauvillier wins face-off versus Mitch Callahan in Boisbriand Armada zone.
6:56 of 3rd period - Backhand shot by Anthony Beauvillier.
6:56 of 3rd period - Shot Blocked by John Ramage.
7:02 of 3rd period - Conor Allen is hit by Wayne Simpson and loses puck.
7:15 of 3rd period - Wrist shot by Mitch Callahan.
7:15 of 3rd period - Shot Misses the Net.
7:37 of 3rd period - Matt Benning is hit by Spencer Abbott and loses puck.
7:48 of 3rd period - Slapshot by Spencer Abbott.
7:48 of 3rd period - Stopped by Kristers Gudlevskis with a rebound.
8:14 of 3rd period - Penalty to Samuel Blais is over, Samuel Blais is back on ice.
9:31 of 3rd period - Slapshot by Freddie Hamilton.
9:31 of 3rd period - Stopped by Garret Sparks without a rebound.
9:32 of 3rd period - Ben Street wins face-off versus Travis Morin in Calgary Hitman zone.
9:35 of 3rd period - Wrist shot by Samuel Blais.
9:35 of 3rd period - Stopped by Garret Sparks without a rebound.
9:36 of 3rd period - Ben Street wins face-off versus Travis Morin in Calgary Hitman zone.
9:41 of 3rd period - Snap shot by Ben Street.
9:41 of 3rd period - Stopped by Garret Sparks with a rebound.
9:43 of 3rd period - Wrist shot by Ben Street.
9:43 of 3rd period - Stopped by Garret Sparks with a rebound.
9:45 of 3rd period - Wrist shot by Ben Street.
9:45 of 3rd period - Goal by Ben Street - Calgary Hitman : 4 - Boisbriand Armada : 2.
9:46 of 3rd period - Travis Morin wins face-off versus Wade Megan in neutral zone.
9:55 of 3rd period - Slapshot by J.T. Brown.
9:55 of 3rd period - Shot Blocked by Chris Wideman.
9:57 of 3rd period - Snap shot by Cody Goloubef.
9:57 of 3rd period - Stopped by Kristers Gudlevskis without a rebound.
9:58 of 3rd period - Nolan Patrick wins face-off versus Travis Morin in Boisbriand Armada zone.
10:09 of 3rd period - Snap shot by Anthony Duclair.
10:09 of 3rd period - Shot Blocked by Matt Bartkowski.
10:25 of 3rd period - Spencer Abbott is hit by Matt Benning and loses puck.
10:38 of 3rd period - Wrist shot by Wade Megan.
10:38 of 3rd period - Deflect By Spencer Abbott.
10:38 of 3rd period - Shot Misses the Net.
10:38 of 3rd period - Puck is out of play.
10:39 of 3rd period - Ben Street wins face-off versus Reid Petryk in Calgary Hitman zone.
10:42 of 3rd period - Wrist shot by Ben Street.
10:42 of 3rd period - Shot Misses the Net.
10:52 of 3rd period - Snap shot by Mitch Callahan.
10:52 of 3rd period - Goal by Mitch Callahan - Calgary Hitman : 5 - Boisbriand Armada : 2.
10:53 of 3rd period - Travis Morin wins face-off versus Nolan Patrick in neutral zone.
12:06 of 3rd period - Icing by Matt Taormina.
12:07 of 3rd period - Ben Street wins face-off versus Reid Petryk in Calgary Hitman zone.
12:54 of 3rd period - Icing by Alex Biega.
12:55 of 3rd period - Andrew Miller wins face-off versus Dominic Turgeon in Calgary Hitman zone.
13:41 of 3rd period - Slapshot by Kasperi Kapanen.
13:41 of 3rd period - Shot Blocked by Anthony Duclair.
14:01 of 3rd period - Wrist shot by Jack Skille.
14:01 of 3rd period - Stopped by Kristers Gudlevskis with a rebound.
14:29 of 3rd period - Snap shot by Ben Street.
14:29 of 3rd period - Stopped by Garret Sparks with a rebound.
14:31 of 3rd period - Snap shot by Chris Wideman.
14:31 of 3rd period - Shot Blocked by Nick Lappin.
14:41 of 3rd period - Snap shot by Nolan Patrick.
14:41 of 3rd period - Stopped by Garret Sparks with a rebound.
14:43 of 3rd period - Snap shot by Conor Allen.
14:43 of 3rd period - Shot Misses the Net.
16:12 of 3rd period - Wade Megan is hit by Brady Austin and loses puck.
16:23 of 3rd period - John Ramage is hit by Kane Lafranchise and loses puck.
16:34 of 3rd period - Matt Benning is hit by Mitch Callahan.
17:06 of 3rd period - Matt Benning is hit by Nick Lappin and loses puck.
17:13 of 3rd period - Nick Lappin is hit by Zack Mitchell and loses puck.
17:28 of 3rd period - Ben Street is hit by Spencer Abbott and loses puck.
17:37 of 3rd period - Andrew Miller is hit by Samuel Blais and loses puck.
17:47 of 3rd period - Slapshot by Eric Gelinas.
17:47 of 3rd period - Stopped by Garret Sparks with a rebound.
17:49 of 3rd period - Snap shot by Zack Mitchell.
17:49 of 3rd period - Shot Blocked by Andrew Miller.
17:51 of 3rd period - Wrist shot by Samuel Blais.
17:51 of 3rd period - Deflect By Andrew Miller.
17:51 of 3rd period - Shot Misses the Net.
17:51 of 3rd period - Puck is out of play.
17:52 of 3rd period - Nolan Patrick wins face-off versus Travis Morin in Calgary Hitman zone.
18:03 of 3rd period - Wrist shot by Anthony Duclair.
18:03 of 3rd period - Shot Misses the Net.
18:05 of 3rd period - Slapshot by Kane Lafranchise.
18:05 of 3rd period - Stopped by Garret Sparks without a rebound.
18:06 of 3rd period - Reid Petryk wins face-off versus Wade Megan in Calgary Hitman zone.
18:06 of 3rd period - Reid Petryk is hit by Kane Lafranchise.
18:21 of 3rd period - Snap shot by Wayne Simpson.
18:21 of 3rd period - Stopped by Kristers Gudlevskis with a rebound.
18:31 of 3rd period - Jordan Caron is hit by Alex Biega.
18:38 of 3rd period - Minor Penalty to Andrew Miller for Slashing.
18:39 of 3rd period - Wade Megan wins face-off versus Reid Petryk in Calgary Hitman zone.
19:37 of 3rd period - Eric Gelinas is hit by J.T. Brown and loses puck.
Goals for this period are 1 for Calgary Hitman vs 1 for Boisbriand Armada.
Shots for this period are 8 for Calgary Hitman vs 11 for Boisbriand Armada.